 Dungeon Crawl Stone Soup version 0.20-a0-738-gb057e68 (webtiles) character file.

86 AlphabetPasta the Ducker (level 4, -4/28 HPs)
             Began as a Tengu Wanderer on Feb 23, 2017.
             Was an Initiate of Elyvilon.
             Slain by a gnoll
             ... wielding a +0 halberd
              (6 damage)
             ... on level 2 of the Dungeon.
             The game lasted 00:06:57 (2170 turns).

AlphabetPasta the Ducker (Tengu Wanderer)           Turns: 2170, Time: 00:06:57

Health: -4/28      AC:  5    Str: 11    XL:     4   Next: 50%
Magic:  6/6        EV: 13    Int: 11    God:    Elyvilon [......]
Gold:   9          SH:  0    Dex: 17    Spells: 3/3 levels left

rFire    . . .     SeeInvis .   b - +0 spear
rCold    . . .     Gourm    .   a - +2 leather armour
rNeg     . . .     Faith    .   (no shield)
rPois    .         Spirit   .   (helmet restricted)
rElec    .         Reflect  .   (no cloak)
rCorr    .         Harm     .   (no gloves)
MR       .....                  (boots unavailable)
Stlth    +.........             (no amulet)
Regen    0.1/turn               (no ring)
MPRegen  0.1/turn               (no ring)

@: no status effects
A: beak, talons 3
a: Renounce Religion


You were on level 2 of the Dungeon.
You worshipped Elyvilon.
Elyvilon was noncommittal.
You were not hungry.

You visited 1 branch of the dungeon, and saw 2 of its levels.

You collected 9 gold pieces.

Inventory:

Hand Weapons
 b - a +0 spear (weapon)
Armour
 a - a +2 leather armour (worn)
Jewellery
 g - an uncursed ring of protection from magic {unknown}
Wands
 c - a wand of random effects (15/48)
Scrolls
 e - a scroll of identify
 f - a scroll of fog {unknown}
Potions
 h - a potion of agility
 i - 2 potions of brilliance
 j - a potion of resistance
Comestibles
 d - 2 bread rations


   Skills:
 + Level 3.5 Fighting
   Level 1.1(1.3) Axes
 - Level 1.1(1.3) Polearms
 + Level 2.2 Armour
 + Level 3.7 Dodging
   Level 1.0 Shields
 + Level 1.0 Invocations
 + Level 2.0 Evocations


You had 3 spell levels left.
You didn't know any spells.

Dungeon Overview and Level Annotations

Branches:
Dungeon (2/15)

Altars:
Elyvilon
Gozag

Shops:
D:2 *


Innate Abilities, Weirdness & Mutations

You have a beak for a mouth.
You have claws for feet.


Message History

The gnoll shouts!
You hit the gnoll. Your peck misses the gnoll.
The gnoll is moderately wounded.
The gnoll hits you with a halberd.
You closely miss the gnoll.
The gnoll is moderately wounded.
The gnoll completely misses you.
You hit the gnoll but do no damage. Your kick misses the gnoll.
Your peck misses the gnoll.
The gnoll is moderately wounded.
The gnoll hits you with a halberd.
You hit the gnoll. You claw the gnoll, but do no damage.
You peck the gnoll, but do no damage.
The gnoll is severely wounded.
The gnoll hits you with a halberd!
* * * LOW HITPOINT WARNING * * *
You hit the gnoll.
The gnoll is almost dead.
The gnoll hits you with a halberd.
You die...

#.#.# .# #.#.#
.# # #.#.. .. .
#.#g# g#g##
#.#.# .#g.#
#.#.# .'.
#.#g####.####.#
#.#.)..........
#@#.###########
#.g.# #####


You could see a gnoll.

Vanquished Creatures
  2 adders (D:2)
  2 gnolls (D:2)
  A worm (D:2)
  3 dart slugs (D:1)
  4 leopard geckos
  2 giant cockroaches (D:1)
  3 goblins
  5 hobgoblins
  2 jackals (D:1)
  3 bats
  3 frilled lizards
  4 kobolds
  5 rats
39 creatures vanquished.

Vanquished Creatures (others)
  4 toadstools (D:1)
4 creatures vanquished.

Grand Total: 43 creatures vanquished

Notes
Turn   | Place    | Note
-------+----------+-------------------------------------------
     0 | D:1      | AlphabetPasta the Tengu Wanderer began the quest for the Orb.
     0 | D:1      | AlphabetPasta set off with: a +2 leather armour, a +0 spear, a wand of random effects (15/48), a bread ration
     0 | D:1      | Reached XP level 1. HP: 14/14 MP: 2/2
   205 | D:1      | Reached XP level 2. HP: 16/19 MP: 3/3
   260 | D:1      | Reached skill level 1 in Armour
   570 | D:1      | Reached XP level 3. HP: 23/23 MP: 5/5
  1309 | D:2      | Found an opulent altar of Gozag.
  1316 | D:2      | Found Gozag's Platinum Reserve.
  1701 | D:2      | Reached XP level 4. HP: 28/28 MP: 6/6
  1703 | D:2      | Found a white marble altar of Elyvilon.
  1715 | D:2      | Became a worshipper of Elyvilon the Healer
  2156 | D:2      | Reached skill level 1 in Invocations
  2170 | D:2      | Slain by a gnoll

Vault maps used:
D:1:      ldierk_walled_garden_2, fountainhead
D:2:      minmay_door_path, nicolae_dithmenos_through_a_glass_darkly,
          marbit_many_paths, nicolae_gozag_zags_fifth_avenue, interstate_on_off

Skill      XL: |  1  2  3  4 |
---------------+-------------+-----
Armour         | 1 2 |  2.2
Evocations     | 2 |  2.0
Invocations    | 1 |  1.0
Fighting       | |  3.5
Axes           | |  1.1
Polearms       | |  1.1
Dodging        | |  3.7
Shields        | |  1.0

Action                   |  1- 3 |  4- 6 || total
-------------------------+-------+-------++-------
Melee: Spear             |   132 |    37 ||   169
       Kick              |    24 |     3 ||    27
       Peck              |    16 |     5 ||    21
  Use: Scroll            |     3 |     2 ||     5
 Stab: Sleeping          |     3 |       ||     3
  Eat: Chunk             |     2 |     2 ||     4
Armor: Leather armour    |    24 |     3 ||    27
Dodge: Dodged            |    71 |    14 ||    85
